 Dungeon Crawl Stone Soup version 0.29-a0-824-gd827844252 (webtiles) character file.

Game seed: 2622458785962090252

9339 fuddud the Fighter (level 11, -2/90 HPs)
             Began as a Djinni Conjurer on July 9, 2022.
             Was an Elder of Makhleb.
             Slain by a boulder beetle (26 damage)
             ... on level 10 of the Dungeon on July 10, 2022.
             The game lasted 01:35:36 (13265 turns).

fuddud the Fighter (Djinni Conjurer)               Turns: 13265, Time: 01:35:41

Health: -2/90      AC:  2    Str:  6    XL:     11   Next: 72%
Gold:   668        EV: 13    Int: 23    God:    Makhleb [****..] SH:  5 Dex: 19

rFire   + + .      SeeInvis .   (no weapon)
rCold   x . .      Faith    .   (no shield)
rNeg    . . .      Spirit   .   a - +0 robe
rPois   ∞          Reflect  +   (no helmet)
rElec   .          Harm     .   (no cloak)
rCorr   .          Rampage  .   (no gloves)
Will    ++...                   (boots unavailable)
Stlth   ++........              c - amulet of reflection
HPRegen 0.25/turn               q - +6 ring of dexterity
MPRegen 0.00/turn               y - ring of willpower

@: flying
A: sickness immunity, fire resistance 2, cold vulnerability 1, float, innate
caster, HP casting, extra vitality 1
a: Renounce Religion, Minor Destruction, Lesser Servant of Makhleb, Major
Destruction


You were on level 10 of the Dungeon.
You worshipped Makhleb.
Makhleb was greatly pleased with you.
You visited 2 branches of the dungeon, and saw 11 of its levels.

You collected 668 gold pieces.

Inventory:

Hand Weapons
 b - a +0 dagger
 H - a +0 club
Missiles
 n - a throwing net
Armour
 a - a +0 robe (worn)
 g - a +0 robe
Jewellery
 c - an amulet of reflection (around neck)
 o - a ring of ice
 q - a +6 ring of dexterity (left hand)
 u - a +6 ring of dexterity
 y - a ring of willpower (right hand)
Wands
 m - a wand of iceblast (7)
 v - a wand of light (25)
 I - a wand of mindburst (3)
Scrolls
 f - 3 scrolls of amnesia {unknown}
 h - 3 scrolls of teleportation {unknown}
 j - a scroll of noise
 k - 3 scrolls of blinking
 p - 3 scrolls of vulnerability {unknown}
 r - 4 scrolls of torment
 x - a scroll of magic mapping {unknown}
 A - 2 scrolls of fear {unknown}
 B - 2 scrolls of immolation {unknown}
 C - a scroll of fog {unknown}
 D - a scroll of acquirement {unknown}
 F - a scroll of brand weapon {unknown}
 G - a scroll of poison {unknown}
 J - a scroll of enchant armour {unknown}
 O - a scroll of identify
Potions
 d - 4 potions of curing
 e - 4 potions of heal wounds
 i - 5 potions of flight
 l - a potion of mutation {unknown}
 s - a potion of resistance {unknown}
 t - 3 potions of attraction
 w - 3 potions of haste
 z - 3 potions of ambrosia
 E - a potion of might {unknown}
 K - 14 potions of degeneration
 L - a potion of brilliance {unknown}
 M - 2 potions of cancellation
 N - 2 potions of lignification


   Skills:
 + Level 12.3 Fighting
 - Level 2.3 Dodging
 - Level 1.8 Stealth
 + Level 10.2 Spellcasting


You had 2 spell levels left.
You knew the following spells:

 Your Spells              Type           Power      Damage    Failure   Level
a - Magic Dart            Conj           100%       1d8       1%          1
b - Searing Ray           Conj           100%       2d8       1%          2
c - Dazzling Flash        Conj/Hex       100%       N/A       1%          3
d - Fulminant Prism       Conj/Hex       28%        3d14      1%          4
e - Iskenderun's Mystic   Conj/Tloc      56%        2d12      1%          4
f - Beastly Appendage     Tmut           100%       N/A       1%          1
g - Static Discharge      Conj/Air       56%        3-10/arc  1%          2
h - Stone Arrow           Conj/Erth      100%       3d13      1%          3
i - Lesser Beckoning      Tloc           56%        N/A       1%          3
j - Blade Hands           Tmut           28%        N/A       2%          5
Your spell library was empty.

Dungeon Overview and Level Annotations

Branches:
Dungeon (10/15)            Temple (1/1) D:5             Orc (0/2) D:9
   Lair: D:8-11

Altars:
Ashenzari
Cheibriados
Dithmenos
Elyvilon
Fedhas
Gozag
Hepliaklqana
Makhleb
Nemelex Xobeh
Okawaru
Qazlal
Ru
Trog
Uskayaw
Wu Jian
Xom
Yredelemnul


Innate Abilities, Weirdness & Mutations

You are immune to sickness and miasma.
You are immune to poison.
Your flesh is very heat resistant. (rF++)
You are vulnerable to cold. (rC-)
You float through the air rather than walking.
You learn spells naturally, not from books.
Your magical power is your life essence.
You have superior vitality. (+4 MHP)


Message History

You are struck by an arc of lightning.
The boulder beetle is struck by an arc of lightning.
The boulder beetle is lightly wounded.
The lightning grounds out.
The boulder beetle closely misses you.
The boulder beetle stops rolling and uncurls.
Casting: Static Discharge (safe; 1% risk of failure)
Confirm with . or Enter, or press ? or * to list all spells.
Aiming: Stone Arrow (safe; 1% risk of failure)
Press: ? - help, Shift-Dir - straight line, f/p - boulder beetle
Aim: a boulder beetle (lightly wounded, 100% to hit)
The stone arrow hits the boulder beetle!
The boulder beetle is moderately wounded.
The boulder beetle bites you!
Casting: Stone Arrow (safe; 1% risk of failure)
Confirm with . or Enter, or press ? or * to list all spells.
Aiming: Stone Arrow (safe; 1% risk of failure)
Press: ? - help, Shift-Dir - straight line, f/p - boulder beetle
Aim: a boulder beetle (moderately wounded, 100% to hit)
The stone arrow hits the boulder beetle!
The boulder beetle is heavily wounded.
The boulder beetle bites you!!
Casting: Stone Arrow (safe; 1% risk of failure)
Confirm with . or Enter, or press ? or * to list all spells.
Aiming: Stone Arrow (safe; 1% risk of failure)
Press: ? - help, Shift-Dir - straight line, f/p - boulder beetle
Aim: a boulder beetle (heavily wounded, 100% to hit)
The stone arrow hits the boulder beetle but does no damage.
The boulder beetle is heavily wounded.
* * * LOW HITPOINT WARNING * * *
The boulder beetle barely misses you.
Casting: Stone Arrow (safe; 1% risk of failure)
Confirm with . or Enter, or press ? or * to list all spells.
Aiming: Stone Arrow (safe; 1% risk of failure)
Press: ? - help, Shift-Dir - straight line, f/p - boulder beetle
Aim: a boulder beetle (heavily wounded, 100% to hit)
The stone arrow hits the boulder beetle.
The boulder beetle is heavily wounded.
* * * LOW HITPOINT WARNING * * *
The boulder beetle bites you!!
You die...

#.......### #..........
.. #..####...# ...
#..#..##### ....
.#..#.......
....##+##+##.#.##...###'
...........#.#....#...
#........#.#....#...
#.B@.....#.#....#...
#.....####.#....####
#.....#....#........
#.....#....#........
##.....#....#........
.........'....#........
.........#....#........
..........#....#........
..........####.#........


You could see a boulder beetle.

Vanquished Creatures
  2 two-headed ogres
  Pikel (D:4)
  2 kobold demonologists (D:9)
  3 trolls
  A hornet (D:10)
  A slime creature (D:7)
  A wyvern (D:7)
  4 yaks (D:10)
  A basilisk (D:7)
  A water moccasin (D:7)
  4 orc warriors
  A swamp drake (D:9)
  A black bear (D:8)
  2 ice beasts
  An ogre (D:4)
  5 centaurs
  4 lemures (D:4)
  3 kobold brigands (D:9)
  3 phantoms
  3 bullfrogs
  2 necrophages
  6 scorpions
  A gnoll sergeant (D:6)
  15 wights
  12 killer bees
  2 howler monkeys (D:10)
  8 jellies
  2 gnoll boudas
  4 hounds
  6 orc priests
  Ijyb (D:3)
  3 iguanas
  13 orc wizards
  A mummy (D:6)
  12 gnolls
  9 adders
  A river rat (D:5)
  A shadow imp (D:6)
  2 white imps (D:7)
  An ufetubus (D:7)
  10 worms
  4 dart slugs
  40 orcs
  8 ball pythons
  7 endoplasms
  3 giant cockroaches
  4 hobgoblins
  13 kobolds
  10 quokkas
  5 bats
  A frilled lizard (D:3)
  7 goblins
  8 rats
266 creatures vanquished.

Vanquished Creatures (others)
  18 fulminant prisms
  12 plants
  A withered plant (D:3)
31 creatures vanquished.

Grand Total: 297 creatures vanquished

Notes
Turn   | Place    | Note
-------+----------+-------------------------------------------
     0 | D:1      | fuddud the Djinni Conjurer began the quest for the Orb.
     0 | D:1      | fuddud set off with the following spells memorised: Magic
                  | Dart, Searing Ray, Dazzling Flash, Fulminant Prism,
                  | Iskenderun's Mystic Blast.
     0 | D:1      | Reached XP level 1. HP: 15/15 MP: 0/0
   469 | D:1      | Reached XP level 2. HP: 15/21 MP: 0/0
   981 | D:1      | Reached skill level 1 in Fighting
  1107 | D:1      | Reached XP level 3. HP: 25/27 MP: 0/0
  1107 | D:1      | Learned a level 1 spell: Beastly Appendage
  2583 | D:3      | Reached XP level 4. HP: 26/33 MP: 0/0
  2687 | D:3      | Noticed Ijyb
  2693 | D:3      | Killed Ijyb
  2694 | D:3      | Reached skill level 2 in Fighting
  3096 | D:3      | Reached XP level 5. HP: 34/39 MP: 0/0
  3096 | D:3      | Learned a level 2 spell: Static Discharge
  3424 | D:3      | Found a blossoming altar of Fedhas.
  3748 | D:3      | Found a faded altar of an unknown god.
  3877 | D:4      | Reached skill level 3 in Fighting
  4105 | D:4      | Noticed a phantom
  4108 | D:4      | Reached XP level 6. HP: 44/46 MP: 0/0
  4499 | D:4      | Reached skill level 4 in Fighting
  4924 | D:4      | Reached XP level 7. HP: 50/52 MP: 0/0
  4924 | D:4      | Learned a level 3 spell: Stone Arrow
  5022 | D:4      | Reached skill level 5 in Spellcasting
  5291 | D:4      | Reached skill level 5 in Fighting
  5385 | D:4      | Noticed Pikel
  5395 | D:4      | Killed Pikel
  5396 | D:4      | Reached skill level 6 in Fighting
  5396 | D:4      | Reached XP level 8. HP: 18/61 MP: 0/0
  5613 | D:4      | Found a basalt altar of Yredelemnul.
  5664 | D:4      | Found an ornate altar of the Wu Jian Council.
  5809 | D:5      | Entered Level 5 of the Dungeon
  6018 | D:5      | Found a staircase to the Ecumenical Temple.
  6071 | Temple   | Entered the Ecumenical Temple
  6304 | Temple   | Became a worshipper of Makhleb the Destroyer
  6921 | D:5      | Reached skill level 7 in Fighting
  7060 | D:6      | Reached XP level 9. HP: 64/68 MP: 0/0
  7060 | D:6      | Learned a level 3 spell: Lesser Beckoning
  7256 | D:6      | Reached * piety under Makhleb
  7649 | D:6      | Noticed a moth of wrath
  7658 | D:6      | Found a bloodstained altar of Trog.
  7744 | D:6      | Reached skill level 8 in Fighting
  8344 | D:7      | Found a shadowy altar of Dithmenos.
  8347 | D:7      | Reached ** piety under Makhleb
  8364 | D:7      | Reached skill level 9 in Fighting
  8649 | D:7      | Reached XP level 10. HP: 75/78 MP: 0/0
  9178 | D:7      | Found an opulent altar of Gozag.
  9179 | D:7      | Found a hazy altar of Hepliaklqana.
  9322 | D:7      | Noticed a two-headed ogre
  9337 | D:7      | Killed a two-headed ogre
  9338 | D:7      | Reached skill level 10 in Fighting
 10458 | D:8      | Reached *** piety under Makhleb
 11175 | D:9      | Noticed a kobold demonologist
 11182 | D:9      | Noticed a kobold demonologist
 11183 | D:9      | Reached skill level 11 in Fighting
 11183 | D:9      | Reached XP level 11. HP: 52/87 MP: 0/0
 11183 | D:9      | Learned a level 5 spell: Blade Hands
 11565 | D:9      | Found a white marble altar of Elyvilon.
 11642 | D:9      | Found a broken altar of Ashenzari.
 12216 | D:9      | Reached **** piety under Makhleb
 12525 | D:9      | Found a staircase to the Orcish Mines.
 12769 | D:9      | Found an iron altar of Okawaru.
 12827 | D:10     | Entered Level 10 of the Dungeon
 12972 | D:10     | Reached skill level 10 in Spellcasting
 12981 | D:10     | Reached skill level 12 in Fighting
 13063 | D:10     | Noticed a two-headed ogre
 13066 | D:10     | Killed a two-headed ogre
 13249 | D:10     | Noticed a boulder beetle
 13265 | D:10     | Slain by a boulder beetle

Illustrated notes

Levels and vault maps discovered:
D:1:      onia_arrival_mini_spirals, layout_loops_ring, serial_forest,
          infiniplex_forest_end_2, infiniplex_forest_end_double,
          infiniplex_forest_clump_tiny, infiniplex_forest_straight_2,
          infiniplex_forest_lined_room_2, infiniplex_forest_lined_2,
          st_stairs_12
D:2:      layout_basic, feat_on_display
D:3:      layout_basic, grunt_temple_overflow_growth_and_decay,
          shapermc_ecumenical_altar_mp_ritualfount, dk_noncrumbling_2, uniq_ijyb
D:4:      layout_basic, lemuel_coloured_pillars_altar, nzn_wu_jian_council_hall,
          uniq_pikel
D:5:      layout_basic, minmay_temple_entry_statues, lightli_sewer_entry_pipes,
          serial_curves, eino_curves_02, eino_curves_01
D:6:      layout_rooms, kennysheep_little_box, tgw_trog,
          gup_ossuary_entry_pyramid
D:7:      minmay_chambers_of_sixes, layout_rooms,
          gammafunk_temple_overflow_pools, nicolae_overflow_hidden_temple,
          grunt_dithmenos_smoke, enter_bailey_8, kennysheep_minor_cross,
          serial_park_tiny_2
D:8:      layout_gridville
D:9:      layout_basic, lemuel_doored_altar, mainiacjoe_overflow_alcove_4,
          mainiacjoe_overflow_boulevard, erik_orc_1
D:10:     layout_irregular_city, lair_entry_dummy, nrook_loot_triangle,
          dk_vineyard_3, grunt_ministairs_8, minmay_misc_feat_chi
Temple:   hellmonk_temple_beads

Skill      XL: |  1  2  3  4  5  6  7  8  9 10 11 |
---------------+----------------------------------+-----
Fighting       | 1 2 3 4 6 7 9 11 12 | 12.3
Spellcasting   | 4 6 7 9 10 | 10.2
Dodging        | |  2.3
Stealth        | |  1.8

Action                   |  1- 3 |  4- 6 |  7- 9 | 10-12 || total
-------------------------+-------+-------+-------+-------++-------
Melee: Dagger            |     1 |     2 |       |       ||     3
 Cast: Magic Dart        |    74 |   102 |   101 |   152 ||   429
       Searing Ray       |     1 |     4 |     3 |       ||     8
       Iskenderun's Myst |       |     3 |     9 |    11 ||    23
       Fulminant Prism   |       |     1 |    11 |     6 ||    18
       Static Discharge  |       |     3 |       |     3 ||     6
       Stone Arrow       |       |       |    64 |   120 ||   184
       Lesser Beckoning  |       |       |       |     1 ||     1
Invok: Minor Destruction |       |       |       |     1 ||     1
  Use: Scroll            |       |       |     7 |     3 ||    10
Armor: Robe              |     1 |       |     1 |     3 ||     5
Dodge: Dodged            |    15 |    10 |     7 |    17 ||    49
Block: Other             |       |     1 |     2 |     9 ||    12
       Reflection        |       |       |       |     7 ||     7

Table legend: (Time is in decaauts)
 A = Elapsed time spent in this place.
 B = Non-inter-level travel time spent in this place.
 C = Inter-level travel time spent in this place.
 D = Time resting spent in this place.
 E = Time spent auto-exploring this place.
 F = Levels seen in this place.
 G = Mean time per level.
                   A        B        C        D        E       F      G
               +--------+--------+--------+--------+--------+-----+--------+
         Total |  13259 |  12576 |    683 |    710 |  10733 |  11 | 1205.4 |
       Dungeon |  12993 |  12486 |    507 |    710 |  10649 |  10 | 1299.3 |
        Temple |    265 |     89 |    176 |      0 |     84 |   1 |  265.0 |
               +--------+--------+--------+--------+--------+-----+--------+

Top non-repeatable levels by time:
     D:4: 1962 daAuts
     D:9: 1812 daAuts
     D:1: 1727 daAuts
     D:7: 1511 daAuts
     D:3: 1430 daAuts
     D:8: 1357 daAuts
     D:6: 1110 daAuts
     D:5: 956 daAuts
     D:2: 686 daAuts
    D:10: 437 daAuts
  Temple: 265 daAuts
